 Dungeon Crawl Stone Soup version 0.30.1-9-gdf580d7c3d (webtiles) character file.

Game seed: 1952445555928030419

9382 lonewolfV2 the Nimble (level 11, -16/87 HPs)
             Began as a Demonspawn Fighter on Oct 25, 2023.
             Was a Believer of Qazlal.
             Demolished by a skeletal warrior
             ... wielding a +0 scimitar
              (23 damage)
             ... on level 11 of the Dungeon.
             The game lasted 00:23:10 (10917 turns).

lonewolfV2 the Nimble (Demonspawn Fighter)         Turns: 10917, Time: 00:23:11

Health: -16/87     AC: 16    Str: 26    XL:     11   Next: 22%
Magic:  11/11      EV: 21    Int: 14    God:    Qazlal [**....]
Gold:   639        SH: 12    Dex: 16    Spells: 10/10 levels left

rFire   . . .        I - +10 scimitar "Tucwen" {flame, +Blink rPois Int+3 Dex+4}
rCold   + + +        J - +0 kite shield
rNeg    . . .        G - +4 skin of Zhor {*Englaciate rC+++ SInv}
rPois   +            k - +1 hat
rElec   .            v - +0 cloak
rCorr   .            A - +0 pair of gloves
SInv    +            (no boots)
Will    .....        n - amulet of magic regeneration
Stlth   +            b - +5 ring of evasion
HPRegen 0.34/turn    F - +6 ring of strength
MPRegen 0.52/turn

%: no passive effects
@: mighty, sanguine armoured, on berserk cooldown, slowed, very slow
A: antennae 2, ignite blood 1, powered by death 1, sanguine armour 1
a: Renounce Religion, Evoke Blink, Upheaval


You were on level 11 of the Dungeon.
You worshipped Qazlal.
Qazlal was pleased with you.
You visited 2 branches of the dungeon, and saw 12 of its levels.

You collected 1760 gold pieces.
You spent 1121 gold pieces at shops.

Inventory:

Hand Weapons
 a - a +1 war axe
 d - the +7 hammer "Yssysar" {heavy, rF+ SInv}
   (You found it on level 6 of the Dungeon)

   rF:        It protects you from fire.
   SInv:      It lets you see invisible.
 f - the +8 hammer "Vomigh" {antimagic, Dex+3}
   (You found it on level 6 of the Dungeon)

   Dex:       It affects your dexterity (+3).
 I - the +10 scimitar "Tucwen" (weapon) {flame, +Blink rPois Int+3 Dex+4}
   (You bought it in a shop on level 9 of the Dungeon)

   Int:       It affects your intelligence (+3).
   Dex:       It affects your dexterity (+4).
   rPois:     It protects you from poison.
   +Blink:    It lets you blink.
Armour
 e - a +2 plate armour
 k - a +1 hat (worn)
 v - a +0 cloak (worn)
 A - a +0 pair of gloves (worn)
 G - the +4 skin of Zhor (worn) {*Englaciate rC+++ SInv}
   (You found it on level 7 of the Dungeon)

   *Englaciate: It radiates cold, occasionally slowing all nearby creatures who
   are not resistant to cold.
   rC:        It renders you almost immune to cold.
   SInv:      It lets you see invisible.
 J - a +0 kite shield (worn)
Jewellery
 b - a +5 ring of evasion (left hand)
 j - a +4 ring of slaying
 n - an amulet of magic regeneration (around neck)
 t - a ring of protection from cold
 y - a +5 ring of evasion
 E - a ring of magical power
 F - a +6 ring of strength (right hand)
 H - a ring of protection from cold
Wands
 g - a wand of flame (4)
 m - a wand of iceblast (8)
 D - a wand of acid (17)
Scrolls
 o - a scroll of blinking
 p - 10 scrolls of teleportation
 q - a scroll of magic mapping
 w - a scroll of amnesia
 z - a scroll of enchant weapon
 B - a scroll of identify
 L - a scroll of fear
Potions
 h - a potion of mutation
 i - 3 potions of curing
 l - a potion of magic
 r - 2 potions of degeneration
 s - 4 potions of haste
 u - 5 potions of brilliance
 x - 2 potions of attraction
 C - a potion of berserk rage


   Skills:
 - Level 8.4 Fighting
 * Level 4.0 Long Blades
 - Level 1.7(4.5) Axes
 - Level 6.6(6.7) Maces & Flails
 + Level 7.9 Armour
 - Level 9.1 Dodging
 * Level 4.2 Shields


You had 10 spell levels left.
You didn't know any spells.
Your spell library contained the following spells:

 Spells                   Type           Power      Damage    Failure   Level
 Beastly Appendage        Tmut           0%         N/A       50%         1
 Shock                    Conj/Air       0%         1d3       50%         1
 Slow                     Hex            0%         N/A       50%         1
 Cigotuvi's Dreadful Rot  Necr/Pois/Air  0%         N/A       65%         2
 Wereblood                Tmut           0%         N/A       65%         2
 Call Canine Familiar     Summ           0%         N/A       86%         3
 Confusing Touch          Hex            0%         N/A       86%         3
 Ignite Poison            Fire/Tmut/Pois 0%         N/A       86%         3
 Inner Flame              Hex/Fire       0%         N/A       86%         3
 Portal Projectile        Hex/Tloc       0%         N/A       86%         3
 Spider Form              Tmut/Pois      0%         N/A       86%         3
 Swiftness                Air            0%         N/A       86%         3
 Tukima's Dance           Hex            0%         N/A       86%         3
 Vampiric Draining        Necr           0%         2d6       86%         3
 Airstrike                Air            0%         2d(0-16)  99%         4
 Flame Wave               Conj/Fire      0%         2d4       99%         4
 Leda's Liquefaction      Hex/Erth       0%         N/A       99%         4
 Sticky Flame             Conj/Fire      0%         2d3       99%         4
 Alistair's Intoxication  Tmut/Pois      0%         N/A       100%        5
 Blade Hands              Tmut           0%         N/A       100%        5
 Borgnjor's Vile Clutch   Necr/Erth      0%         N/A       100%        5
 Freezing Cloud           Conj/Ice/Air   0%         6-21      100%        5
 Eringya's Noxious Bog    Tmut/Pois      0%         N/A       100%        6
 Simulacrum               Ice/Necr       0%         N/A       100%        6
 Ozocubu's Refrigeration  Ice            0%         4d7       100%        7
 Polar Vortex             Ice            0%         N/A       100%        9


Dungeon Overview and Level Annotations

Branches:
Dungeon (11/15)            Temple (1/1) D:4            Lair (0/5) D:9
    Orc (0/2) D:9

Altars:
Ashenzari
Cheibriados
Dithmenos
Fedhas
Gozag
Hepliaklqana
Kikubaaqudgha
Makhleb
Nemelex Xobeh
Okawaru
Qazlal
Ru
Sif Muna
Trog
Uskayaw
Vehumet
Wu Jian
Xom
Yredelemnul

Shops:
D:3 :   D:6 (   D:9 *([*

Annotations:
D:3 2 transporters, Nonny's ghost, amateur TeCA
D:9 3 runed translucent doors, exclusion: obsidian statue, laqueoix's ghost, novice MiFi


Innate Abilities, Weirdness & Mutations

You have a pair of antennae on your head.
Your demonic aura sometimes causes spilled blood to erupt in flames.
You regenerate a little health from kills.
When seriously injured, your blood forms armour. (AC +6)


Message History

You radiate an aura of cold.
The skeletal warrior is unaffected.
You block the skeletal warrior's attack.
Your Long Blades skill increases to level 4!
You radiate an aura of cold.
The skeletal warrior is unaffected.
You block the skeletal warrior's attack.
You see here a yak corpse.
You closely miss the skeletal warrior.
The skeletal warrior is lightly damaged.
You block the skeletal warrior's attack.
You hit the skeletal warrior but do no damage.
The skeletal warrior is lightly damaged.
You radiate an aura of cold.
The skeletal warrior is unaffected.
You block the skeletal warrior's attack.
You hit the skeletal warrior but do no damage.
The skeletal warrior is lightly damaged.
You slash the skeletal warrior! You burn the skeletal warrior.
The skeletal warrior is moderately damaged.
The skeletal warrior barely misses you.
You slash the skeletal warrior! You burn the skeletal warrior.
The skeletal warrior is heavily damaged.
You block the skeletal warrior's attack.
You barely miss the skeletal warrior.
The skeletal warrior is heavily damaged.
You block the skeletal warrior's attack.
You slash the skeletal warrior! You burn the skeletal warrior.
The skeletal warrior is severely damaged.
You are no longer berserk.
You are exhausted.
You feel yourself slow down.
You block the skeletal warrior's attack.
The skeletal warrior completely misses you.
The skeletal warrior attacks as you move away!
The skeletal warrior completely misses you.
The skeletal warrior misses you.
You slice the skeletal warrior!! You burn the skeletal warrior!
The skeletal warrior is heavily damaged.
You radiate an aura of cold.
The skeletal warrior is unaffected. x2
The skeletal warrior misses you.
The skeletal warrior hits you with a +0 scimitar!!
You die...

.##.## ..... .... .>.....
... . ....... .( )..
......... ..##.......
#.......####.........##
##.......#@)............
.........#z##..........
##........z.#.##.#.........
#...........#....#.#.......
#...........#......#.......
.#............)###......
#.....##.[.##........##
#.....##...##.........#
#...#.#.#.#.#.........#


You could see 2 skeletal warriors.

Vanquished Creatures
  2 skeletal warriors (D:11)
  A manticore (D:11)
  2 rime drakes (D:7)
  A troll (D:11)
  Grinder (D:6)
  Sigmund (D:2)
  A slime creature (D:11)
  2 wyverns (D:9)
  11 yaks
  3 steam dragons
  Eustachio (D:6)
  2 vampire mosquitoes (D:10)
  Menkaure (D:4)
  2 acid dragons
  2 water moccasins
  2 sky beasts (D:7)
  3 orc warriors (D:9)
  A black bear (D:6)
  An ice beast (D:7)
  4 centaurs
  3 bullfrogs
  A gnoll sergeant (D:5)
  4 scorpions
  3 wights (D:8)
  18 killer bees
  3 vampire bats (D:8)
  5 howler monkeys
  A jelly (D:6)
  3 hounds
  Crazy Yiuf (D:6)
  A gnoll bouda (D:7)
  3 orc priests
  A sleepcap (D:5)
  3 iguanas
  4 orc wizards
  Natasha (thrice) (D:3)
  9 adders
  15 gnolls
  An ufetubus (D:5)
  2 worms
  3 dart slugs (D:4)
  16 orcs
  5 ball pythons
  3 bat skeletons (D:8)
  2 bat zombies (D:8)
  5 endoplasms
  4 giant cockroaches
  3 goblins
  2 hobgoblins
  4 quokkas
  3 bats
  3 frilled lizards
  7 kobolds
  A rat (D:2)
189 creatures vanquished.

Vanquished Creatures (others)
  An iguana (D:6)
1 creature vanquished.

Grand Total: 190 creatures vanquished

Notes
Turn   | Place    | Note
-------+----------+-------------------------------------------
     0 | D:1      | lonewolfV2 the Demonspawn Fighter began the quest for the
                  | Orb.
     0 | D:1      | Reached XP level 1. HP: 18/18 MP: 1/1
   588 | D:1      | Gained mutation: When seriously injured, your blood forms
                  | armour. (AC +6) [demonic ancestry]
   588 | D:1      | Reached XP level 2. HP: 24/24 MP: 2/2
   777 | D:2      | Reached skill level 1 in Dodging
   937 | D:2      | Gained mutation: You have a pair of small antennae on your
                  | head. [demonic ancestry]
   937 | D:2      | Reached XP level 3. HP: 23/29 MP: 3/3
  1148 | D:2      | Noticed Sigmund
  1169 | D:2      | Killed Sigmund
  1170 | D:2      | Reached skill level 3 in Dodging
  1170 | D:2      | Reached XP level 4. HP: 22/37 MP: 4/4
  1170 | D:2      | Reached XP level 5. HP: 25/42 MP: 5/5
  1852 | D:3      | Found a transporter.
  1854 | D:3      | Noticed Nonny's ghost (amateur TeCA)
  1892 | D:3      | Noticed Natasha
  1900 | D:3      | Killed Natasha
  1901 | D:3      | Gained mutation: You regenerate a little health from kills.
                  | [demonic ancestry]
  1901 | D:3      | Reached XP level 6. HP: 44/48 MP: 6/6
  1914 | D:3      | Noticed Natasha
  1921 | D:3      | Killed Natasha
  1941 | D:3      | Noticed Natasha
  1952 | D:3      | Killed Natasha
  2342 | D:3      | Found a transporter.
  2388 | D:3      | Reached skill level 4 in Dodging
  2415 | D:3      | Found Tuasol Piymm's Book Emporium.
  2641 | D:4      | Noticed Menkaure
  2903 | D:4      | Killed Menkaure
  2904 | D:4      | Gained mutation: You have a pair of antennae on your head.
                  | [demonic ancestry]
  2904 | D:4      | Reached XP level 7. HP: 54/55 MP: 7/7
  3024 | D:4      | Found a staircase to the Ecumenical Temple.
  3113 | D:4      | Reached skill level 5 in Fighting
  3113 | D:4      | Reached skill level 5 in Dodging
  3114 | D:4      | Found a hide-covered altar of Uskayaw.
  3396 | Temple   | Entered the Ecumenical Temple
  3636 | D:4      | Found a shimmering altar of Xom.
  4085 | D:5      | Entered Level 5 of the Dungeon
  4317 | D:5      | Reached skill level 5 in Armour
  4327 | D:5      | Found an iron altar of Okawaru.
  4353 | D:5      | Reached XP level 8. HP: 60/63 MP: 8/8
  4435 | D:5      | Identified the +2 leather armour of Incorporation {Harm
                  | Will+}
  4857 | D:6      | Noticed Eustachio
  4860 | D:6      | Reached skill level 6 in Dodging
  4868 | D:6      | Killed Eustachio
  5018 | D:6      | Noticed Grinder
  5026 | D:6      | Paralysed by Grinder for 5 turns
  5032 | D:6      | Killed Grinder
  5260 | D:6      | Found a runed translucent door.
  5265 | D:6      | Noticed Crazy Yiuf
  5266 | D:6      | Identified the +7 hammer "Yssysar" {heavy, rF+ SInv}
  5278 | D:6      | Killed Crazy Yiuf
  5317 | D:6      | Identified the +8 hammer "Vomigh" {antimagic, Dex+3}
  5413 | D:6      | Reached skill level 1 in Maces & Flails
  5495 | D:6      | Found Ofuzuquf's Weapon Shoppe.
  5616 | D:7      | Reached XP level 9. HP: 63/72 MP: 3/9
  5849 | D:7      | Reached skill level 7 in Dodging
  6173 | D:7      | Found the +4 skin of Zhor {*Englaciate rC+++ SInv}
  6175 | D:7      | Noticed a rime drake
  6181 | D:7      | Noticed a rime drake
  6210 | D:7      | Killed a rime drake
  6215 | D:7      | Killed a rime drake
  6564 | D:8      | Found a stormy altar of Qazlal.
  6597 | D:8      | Became a worshipper of Qazlal Stormbringer
  6618 | D:8      | Reached skill level 5 in Maces & Flails
  7331 | D:8      | Found a snail-covered altar of Cheibriados.
  7453 | D:8      | Found an ancient bone altar of Kikubaaqudgha.
  7457 | D:8      | Gained mutation: Your demonic aura sometimes causes spilled
                  | blood to erupt in flames. [demonic ancestry]
  7457 | D:8      | Reached XP level 10. HP: 76/77 MP: 3/10
  7625 | D:8      | Found a sparkling altar of Nemelex Xobeh.
  7831 | D:9      | Found a staircase to the Orcish Mines.
  7831 | D:9      | Found Feugrav's Armour Shoppe.
  7831 | D:9      | Found Cyelat's Weapon Shoppe.
  8161 | D:9      | Reached skill level 8 in Dodging
  8251 | D:9      | Found Kots's Assorted Antiques.
  8421 | D:9      | Reached * piety under Qazlal
  8733 | D:9      | Found a sacrificial altar of Ru.
  8749 | D:9      | Found a shadowy altar of Dithmenos.
  8749 | D:9      | Found a basalt altar of Yredelemnul.
  8766 | D:9      | Found a staircase to the Lair.
  9002 | D:9      | Found a runed translucent gate.
  9005 | D:9      | Found a runed translucent gate.
  9006 | D:9      | Found a runed translucent gate.
  9007 | D:9      | Found an opulent altar of Gozag.
  9010 | D:9      | Noticed an obsidian statue
  9012 | D:9      | Found Jojuffa's Assorted Antiques.
  9012 | D:9      | Noticed a deep elf archer
  9012 | D:9      | Noticed laqueoix's ghost (novice MiFi)
  9510 | D:9      | Identified a scroll of acquirement
  9510 | D:9      | Acquired 1059 gold pieces
  9546 | D:9      | Bought the +10 scimitar "Tucwen" {flame, +Blink rPois Int+3
                  | Dex+4} for 991 gold pieces
  9567 | D:10     | Entered Level 10 of the Dungeon
  9630 | D:10     | Reached skill level 1 in Long Blades
  9630 | D:10     | Reached skill level 9 in Dodging
  9696 | D:9      | Bought a kite shield for 130 gold pieces
 10515 | D:11     | Noticed a manticore
 10528 | D:11     | Killed a manticore
 10852 | D:11     | Reached XP level 11. HP: 80/87 MP: 11/11
 10866 | D:11     | Noticed a skeletal warrior
 10867 | D:11     | Noticed a skeletal warrior
 10868 | D:11     | Noticed a skeletal warrior
 10881 | D:11     | Noticed a skeletal warrior
 10900 | D:11     | Killed a skeletal warrior
 10903 | D:11     | HP: 5/130 [yak (13)]
 10906 | D:11     | Killed a skeletal warrior
 10907 | D:11     | Reached ** piety under Qazlal
 10917 | D:11     | Demolished by a skeletal warrior

Illustrated notes

Levels and vault maps discovered:
D:1:      evilmike_arrival_rings, layout_basic
D:2:      layout_basic, kennysheep_decorative_pillar,
          kennysheep_generic_room_10, uniq_sigmund
D:3:      layout_rooms, serial_shops, shop, gammafunk_ghost_mausoleum,
          uniq_natasha
D:4:      layout_basic, mainiacjoe_overflow_concentric_impassable, tgw_xom,
          minmay_temple_entry_wispy, feat_on_display, uniq_menkaure
D:5:      layout_loops_ring, lemuel_tele_altar
D:6:      layout_rooms, serial_shops, nicolae_stop_n_shop_1, uniq_grinder,
          uniq_eustachio, uniq_crazy_yiuf_cottage
D:7:      layout_cave_pools, hellmonk_guarded_unrand_zhor
D:8:      layout_cave_pods, nicolae_elyvilon_peaceful_grove,
          mainiacjoe_overflow_boulevard, kennysheep_vampire_church,
          kennysheep_mini_moat, chei_slow_surprise
D:9:      layout_stronghold, chequers_temple_overflow_statue_of_worship,
          lair_entry_dummy, orc_david_3, ebering_ghost_gozag, serial_shops,
          nicolae_lakefront_shop
D:10:     layout_gridville, hangedman_decor_opposing
D:11:     layout_basic, interstate_on_off,
          nicolae_concentric_dashed_squares_mild, nicolae_twisting_strands,
          amcnicky_mini_rare_corridor_liquid, minmay_unpleasant_kobolds,
          uniq_grum
Temple:   eino_wide_crystal_templ

Skill      XL: |  1  2  3  4  5  6  7  8  9 10 11 |
---------------+----------------------------------+-----
Armour         | 3 4 5 6 7 |  7.9
Dodging        | 1 3 4 5 6 7 9 |  9.1
Fighting       | 4 5 7 8 |  8.4
Maces & Flails | 1 5 6 |  6.6
Long Blades    | 3 4 |  4.0
Shields        | 3 4 |  4.2
Axes           | |  1.7

Action                     |  1- 3 |  4- 6 |  7- 9 | 10-12 || total
---------------------------+-------+-------+-------+-------++-------
  Melee: War axe           |    64 |    76 |   160 |       ||   300
         Mace              |       |       |   119 |   145 ||   264
         Scimitar          |       |       |       |    52 ||    52
  Evoke: Wand              |       |     2 |    24 |    12 ||    38
    Use: Scroll            |     2 |     7 |     7 |     5 ||    21
         Potion            |     2 |       |     1 |     5 ||     8
 Armour: Plate armour      |    58 |    37 |   163 |       ||   258
         Scale mail        |     4 |       |       |       ||     4
         Animal skin       |       |       |    11 |    48 ||    59
  Dodge: Dodged            |    11 |    43 |   244 |   260 ||   558
  Block: Buckler           |    21 |    15 |    77 |    70 ||   183
         Kite shield       |       |       |       |    35 ||    35
